 Dungeon Crawl Stone Soup version 0.29-a0-323-g050149af67 (webtiles) character file.

Game seed: 13569210662774966880

260 dianekeaton the Cudgeller (level 5, -5/45 HPs)
             Began as a Minotaur Fighter on Apr 11, 2022.
             Killed by nerve-wracking pain
             ... invoked by Grinder
              (6 damage)
             ... on level 5 of the Dungeon.
             The game lasted 00:06:37 (3149 turns).

dianekeaton the Cudgeller (Minotaur Fighter)        Turns: 3149, Time: 00:06:37

Health: -5/45      AC:  9    Str: 22    XL:     5   Next: 95%
Magic:  4/4        EV:  9    Int:  5    God:
Gold:   187        SH:  4    Dex: 10    Spells: 4/4 levels left

rFire   . . .      SeeInvis .   n - +1 flail (venom)
rCold   . . .      Faith    .   c - +0 buckler
rNeg    . . .      Spirit   .   b - +0 scale mail
rPois   .          Reflect  .   (helmet restricted)
rElec   .          Harm     .   r - +1 cloak
rCorr   .          Rampage  .   (no gloves)
Will    .....                   (no boots)
Stlth   ..........              (no amulet)
HPRegen 0.15/turn               (no ring)
MPRegen 0.09/turn               (no ring)

@: mighty
A: horns 2, retaliatory headbutt
a: no special abilities


You were on level 5 of the Dungeon.
You visited 1 branch of the dungeon, and saw 6 of its levels.

You collected 187 gold pieces.

Inventory:

Hand Weapons
 n - a +1 flail of venom (weapon)
 q - a +3 quarterstaff of chaos
Missiles
 i - 11 boomerangs (quivered)
Armour
 b - a +0 scale mail (worn)
 c - a +0 buckler (worn)
 r - a +1 cloak (worn)
Jewellery
 h - a ring of positive energy
 j - a ring of protection from cold
Potions
 e - a potion of curing
 f - 3 potions of brilliance
 g - a potion of berserk rage {unknown}
 k - a potion of flight {unknown}
 l - a potion of mutation {unknown}
 m - 3 potions of cancellation {unknown}
 p - a potion of degeneration {unknown}


   Skills:
 - Level 3.6 Fighting
 + Level 7.4 Maces & Flails
 - Level 3.6 Armour
 - Level 0.9 Dodging
 - Level 3.6 Shields


You had 4 spell levels left.
You didn't know any spells.
Your spell library contained the following spells:

 Spells                   Type           Power      Damage    Failure   Level
 Apportation              Tloc           0%         N/A       88%         1
 Blink                    Tloc           0%         N/A       95%         2
 Ensorcelled Hibernation  Hex/Ice        0%         N/A       95%         2
 Passwall                 Tmut/Erth      0%         N/A       95%         2
 Lesser Beckoning         Tloc           0%         N/A       99%         3
 Swiftness                Air            0%         N/A       99%         3
 Manifold Assault         Tloc           0%         N/A       100%        5


Dungeon Overview and Level Annotations

Branches:
Dungeon (6/15)             Temple (0/1) D:4

Altars:

Annotations:
D:5 Grinder


Innate Abilities, Weirdness & Mutations

You have a pair of horns on your head.
You reflexively headbutt those who attack you in melee.


Message History

Grinder grins, showing sharp teeth.
Grinder gestures at you. You resist with significant effort.
Grinder hits you but does no damage.
You can move again.
Grinder hits you!
You writhe in agony.
There is a stone staircase leading down here.
Grinder hits you!
You writhe in agony.
You climb downwards.
The shadow imp shouts!
Found 17 gold pieces.
There is a stone staircase leading up here.
Grinder hits you.
You writhe in agony.
* * * LOW HITPOINT WARNING * * *
You climb upwards.
There is a stone staircase leading down here.
You feel very mighty all of a sudden.
An adder comes into view.
Grinder closely misses you.
The adder moves out of view.
You sock Grinder!
Grinder is poisoned.
Your headbutt misses Grinder.
Grinder is moderately wounded.
Grinder drinks a potion.
Grinder is healed!
Grinder looks more healthy.
You barely miss Grinder.
Grinder is moderately wounded.
The adder hisses angrily.
Grinder gestures at you. Pain shoots through your body!
* * * LOW HITPOINT WARNING * * *
You hit Grinder.
Grinder is poisoned.
Grinder is moderately wounded.
Grinder rolls her eyes.
Grinder hits you!
* * * LOW HITPOINT WARNING * * *
You writhe in agony.
* * * LOW HITPOINT WARNING * * *
You closely miss Grinder. Your headbutt misses Grinder.
Grinder is moderately wounded.
Grinder gestures at you. Pain shoots through your body!
You die...

..........##.####.)# ?..
#............##).# ....
##.........#.##..#.....
#...........<)††.......
#.......)....†.†#.#....
#......S..###...#.# ###
...#.........###...#..
#..........5...........
#####..?..@.##..#.......
#.........##...#.....#
#.........####...#.##
#..:......# ###...!
#.........# #..!....<.#
##......$## ##.....##


You could see Grinder (very poisoned) and an adder.

Vanquished Creatures
  A hound (D:5)
  Crazy Yiuf (D:2)
  Jessica (D:2)
  Robin (D:2)
  4 gnolls
  5 adders
  A dart slug (D:1)
  3 ball pythons
  4 endoplasms
  2 giant cockroaches
  15 goblins
  7 hobgoblins
  5 jackals
  5 quokkas
  4 bats
  5 frilled lizards
  7 kobolds
  8 rats
79 creatures vanquished.

Vanquished Creatures (others)
  5 toadstools (D:1)
5 creatures vanquished.

Grand Total: 84 creatures vanquished

Notes
Turn   | Place    | Note
-------+----------+-------------------------------------------
     0 | D:1      | dianekeaton the Minotaur Fighter began the quest for the
                  | Orb.
     0 | D:1      | Reached XP level 1. HP: 19/19 MP: 0/0
   201 | D:1      | Reached skill level 3 in Maces & Flails
   311 | D:1      | Reached XP level 2. HP: 24/26 MP: 1/1
   532 | D:1      | Found a faded altar of an unknown god.
   849 | D:2      | Reached skill level 4 in Maces & Flails
   855 | D:2      | Reached XP level 3. HP: 31/31 MP: 2/2
   870 | D:2      | Noticed Robin
   898 | D:2      | Killed Robin
  1015 | D:2      | Noticed Jessica
  1024 | D:2      | Killed Jessica
  1025 | D:2      | Reached skill level 5 in Maces & Flails
  1025 | D:2      | Reached XP level 4. HP: 37/39 MP: 3/3
  1037 | D:2      | Got Jessica's Collected Works on Dislocation
  1285 | D:2      | Found a runed translucent door.
  1286 | D:2      | Noticed Crazy Yiuf
  1738 | D:2      | Killed Crazy Yiuf
  1739 | D:2      | Reached skill level 6 in Maces & Flails
  1966 | D:3      | Reached XP level 5. HP: 40/45 MP: 4/4
  2829 | D:3      | Reached skill level 7 in Maces & Flails
  3068 | D:4      | Noticed a lemure
  3069 | D:4      | Noticed a lemure
  3075 | D:4      | Found a staircase to the Ecumenical Temple.
  3082 | D:5      | Entered Level 5 of the Dungeon
  3123 | D:5      | Noticed Grinder
  3133 | D:5      | Paralysed by Grinder for 6 turns
  3142 | D:6      | Noticed an ogre
  3148 | D:5      | HP: 1/45 [Grinder (2)]
  3149 | D:5      | Killed from afar by Grinder

Illustrated notes

Levels and vault maps discovered:
D:1:      ldierk_walled_garden, layout_rooms,
          shapermc_ecumenical_altar_notcrosses, minivault_5
D:2:      layout_loops_ring, kennysheep_jessica_study, uniq_crazy_yiuf_cottage,
          uniq_robin
D:3:      layout_basic
D:4:      layout_basic, minmay_temple_entry_ruins, uniq_pikel
D:5:      layout_rooms, mainiacjoe_overflow_tiny_flanked, ebering_ghost_sewer_f,
          uniq_grinder
D:6:      layout_cave_pools, mainiacjoe_overflow_alcove_2,
          kennysheep_generic_room_5

Skill      XL: |  1  2  3  4  5 |
---------------+----------------+-----
Maces & Flails | 3 4 5 6 7 |  7.4
Fighting       | |  3.6
Armour         | |  3.6
Dodging        | |  0.9
Shields        | |  3.6

Action                   |  1- 3 |  4- 6 || total
-------------------------+-------+-------++-------
Melee: Flail             |    74 |   111 ||   185
       Headbutt          |     8 |    15 ||    23
Throw: Boomerang         |       |     1 ||     1
  Use: Scroll            |     6 |     4 ||    10
       Potion            |       |     1 ||     1
Armor: Scale mail        |    33 |    67 ||   100
Dodge: Dodged            |    35 |    67 ||   102
Block: Buckler           |    17 |    36 ||    53

Table legend: (Time is in decaauts)
 A = Elapsed time spent in this place.
 B = Non-inter-level travel time spent in this place.
 C = Inter-level travel time spent in this place.
 D = Time resting spent in this place.
 E = Time spent auto-exploring this place.
 F = Levels seen in this place.
 G = Mean time per level.
                   A        B        C        D        E       F      G
               +--------+--------+--------+--------+--------+-----+--------+
         Total |   3189 |   3114 |     75 |    464 |   1968 |   6 |  531.5 |
       Dungeon |   3189 |   3114 |     75 |    464 |   1968 |   6 |  531.5 |
               +--------+--------+--------+--------+--------+-----+--------+

Top non-repeatable levels by time:
     D:2: 1196 daAuts
     D:3: 885 daAuts
     D:1: 852 daAuts
     D:4: 186 daAuts
     D:5: 65 daAuts
     D:6: 1 daAuts
